PBL
NIAGARA FALLS PHANTOMS @ LONDON MAJORS
09/06/2047
 
TOP OF THE 1ST
Niagara Falls Phantoms batting - Pitching for London Majors : RHP Shalom Diender
Pitching: RHP Shalom Diender
Batting: LHB Luis Ponce 0-0: Called Strike
0-1: DOUBLE (Flyball, 78D, EV 111.2 MPH)
Batting: LHB Chris Viehman 0-0: Called Strike
0-1: Ball
1-1: Swinging Strike
1-2: Ball
2-2: Fly out, F8 (Flyball, 8RM, EV 75.6 MPH)
Batting: RHB Paul Ngumi 0-0: Ball
1-0: Fly out, F9 (Line Drive, 9D, EV 100.6 MPH)
Batting: RHB Ken Stair 0-0: Foul Ball, location: 2F
0-1: Swinging Strike
0-2: Ball
1-2: Ball
2-2: Fly out, F8 (Flyball, 8RXD, EV 104.4 MPH)
Top of the 1st over - 0 runs, 1 hit, 0 errors, 1 left on base; Niagara Falls 0 - London 0
BOTTOM OF THE 1ST
London Majors batting - Pitching for Niagara Falls Phantoms : LHP Brendan Thompson
Pitching: LHP Brendan Thompson
Batting: RHB Manny Elizondo 0-0: Ball
1-0: Swinging Strike
1-1: Ball
2-1: Ball
3-1: Foul Ball, location: 2F
3-2: SOLO HOME RUN (Flyball, 9D, EV 109.4 MPH), Distance : 396 ft
Batting: RHB Carlos Murillo 0-0: Foul Ball, location: 2F
0-1: Ball
1-1: SINGLE (Groundball, 4M, EV 105.6 MPH)
Batting: RHB Brandon Williams 0-0: Called Strike
0-1: Foul Ball, location: 2F
0-2: Fielders Choice at 2nd, 5-4 (Groundball, 56, EV 108.8 MPH)
Batting: RHB Bruce Ayotte 0-0: Called Strike
0-1: Ball
1-1: Foul Ball, location: 2F
1-2: TRIPLE (Flyball, 89XD, EV 105.6 MPH)
Brandon Williams scores
Batting: RHB Rudolph Lentz 0-0: Ground out 6-3 (Groundball, 6S, EV 80.6 MPH)
Bruce Ayotte scores
Batting: RHB Jorge Alva 0-0: Called Strike
0-1: Called Strike
0-2: Foul Ball, location: 2F
0-2: Ball
1-2: Foul Ball, location: 2F
1-2: Strikes out swinging
Bottom of the 1st over - 3 runs, 3 hits, 0 errors, 0 left on base; Niagara Falls 0 - London 3
TOP OF THE 2ND
Niagara Falls Phantoms batting - Pitching for London Majors : RHP Shalom Diender
Batting: SHB Dylan Best 0-0: Ground out 6-3 (Groundball, 6, EV 103.8 MPH)
Batting: LHB Dave Ortiz 0-0: Ball
1-0: Ball
2-0: Ground out 6-3 (Groundball, 6M, EV 88.8 MPH)
Batting: RHB Arturo Gomez 0-0: Fly out, F9 (Flyball, 9, EV 76.9 MPH)
Top of the 2nd over - 0 runs, 0 hits, 0 errors, 0 left on base; Niagara Falls 0 - London 3
BOTTOM OF THE 2ND
London Majors batting - Pitching for Niagara Falls Phantoms : LHP Brendan Thompson
Batting: LHB Nate Greening 0-0: Ball
1-0: Ball
2-0: Fly out, F8 (Flyball, 78M, EV 87.5 MPH)
Batting: RHB Hanley Hernandez 0-0: Ball
1-0: Ball
2-0: Ground out 6-3 (Groundball, 6, EV 86.9 MPH)
Batting: RHB Joy-shan Li 0-0: Called Strike
0-1: Ball
1-1: DOUBLE (Groundball, 5L, EV 101.9 MPH)
Batting: RHB Manny Elizondo 0-0: Ball
1-0: Foul Ball, location: 2F
1-1: Fly out, F8 (Flyball, 8LXD, EV 95.6 MPH)
Bottom of the 2nd over - 0 runs, 1 hit, 0 errors, 1 left on base; Niagara Falls 0 - London 3
TOP OF THE 3RD
Niagara Falls Phantoms batting - Pitching for London Majors : RHP Shalom Diender
Batting: LHB Victor Reyna 0-0: Ball
1-0: Ball
2-0: Called Strike
2-1: Ball
3-1: Swinging Strike
3-2: Strikes out swinging
Batting: SHB Hui Li 0-0: Foul Ball, location: 2F
0-1: Foul Ball, location: 2F
0-2: Ground out 4-3 (Groundball, 4, EV 86.2 MPH)
Batting: LHB Luis Ponce 0-0: Called Strike
0-1: Swinging Strike
0-2: Strikes out swinging
Top of the 3rd over - 0 runs, 0 hits, 0 errors, 0 left on base; Niagara Falls 0 - London 3
BOTTOM OF THE 3RD
London Majors batting - Pitching for Niagara Falls Phantoms : LHP Brendan Thompson
Batting: RHB Carlos Murillo 0-0: Ball
1-0: Called Strike
1-1: Ball
2-1: Foul Ball, location: 2F
2-2: Fly out, F9 (Line Drive, 89D, EV 86.2 MPH)
Batting: RHB Brandon Williams 0-0: Ball
1-0: Foul Ball, location: 2F
1-1: Swinging Strike
1-2: Ball
2-2: Ball
3-2: Strikes out swinging
Batting: RHB Bruce Ayotte 0-0: Ball
1-0: Called Strike
1-1: Ball
2-1: Foul Ball, location: 2F
2-2: Hit by Pitch
Batting: RHB Rudolph Lentz 0-0: Called Strike
0-1: Swinging Strike
0-2: 2-RUN HOME RUN (Flyball, 7D, EV 96.9 MPH), Distance : 382 ft
Batting: RHB Jorge Alva 0-0: Reached on error, E6 (Groundball, 6, EV 106.9 MPH)
Batting: LHB Nate Greening 0-0: Foul Ball, location: 2F
0-1: SINGLE (Line Drive, 34, EV 95.6 MPH)
Jorge Alva to third
Runner from 3rd tries for Home, SAFE, throw by RF to home
Batting: RHB Hanley Hernandez 0-0: Ball
1-0: Swinging Strike
1-1: Ball
2-1: Ball
3-1: SINGLE (Groundball, 34D, EV 100.6 MPH)
Nate Greening to second
Runner from 2nd tries for 3rd, SAFE, throw by RF made to third
Batting: RHB Joy-shan Li 0-0: Ground out 4-3 (Groundball, 34, EV 101.9 MPH)
Bottom of the 3rd over - 3 runs, 3 hits, 1 error, 2 left on base; Niagara Falls 0 - London 6
TOP OF THE 4TH
Niagara Falls Phantoms batting - Pitching for London Majors : RHP Shalom Diender
Batting: LHB Chris Viehman 0-0: Ball
1-0: Ball
2-0: Called Strike
2-1: Foul Ball, location: 2F
2-2: Ball
3-2: Foul Ball, location: 2F
3-2: Foul Ball, location: 2F
3-2: Strikes out looking
Batting: RHB Paul Ngumi 0-0: Foul Ball, location: 2F
0-1: Foul Ball, location: 2F
0-2: SINGLE (Flyball, 89M, EV 90.0 MPH)
Batting: RHB Ken Stair 0-0: Foul Ball, location: 2F
0-1: Called Strike
Paul Ngumi is caught stealing 2nd base 2-4
0-2: Ground out 4-3 (Groundball, 4, EV 77.5 MPH)
Top of the 4th over - 0 runs, 1 hit, 0 errors, 0 left on base; Niagara Falls 0 - London 6
BOTTOM OF THE 4TH
London Majors batting - Pitching for Niagara Falls Phantoms : LHP Brendan Thompson
Batting: RHB Manny Elizondo 0-0: Called Strike
0-1: Ball
1-1: Foul Ball, location: 2F
1-2: Ball
2-2: Strikes out swinging
Batting: RHB Carlos Murillo 0-0: Ball
1-0: Foul Ball, location: 2F
1-1: Reached on error, E5 (Groundball, 56, EV 90.0 MPH)
Batting: RHB Brandon Williams 0-0: Ball
1-0: Foul Ball, location: 2F
1-1: Ball
2-1: Ball
3-1: Swinging Strike
3-2: Foul Ball, location: 2F
3-2: Foul Ball, location: 2F
3-2: Fly out, F8 (Flyball, 8LXD, EV 95.6 MPH)
Runner from 1st tags up, SAFE at 2nd
Batting: RHB Bruce Ayotte 0-0: Ball
1-0: Foul Ball, location: 2F
1-1: Ball
2-1: 2-RUN HOME RUN (Line Drive, 7D, EV 98.1 MPH), Distance : 382 ft
Pitching: LHP Jordan Medina
Batting: RHB Rudolph Lentz 0-0: Ball
1-0: Called Strike
1-1: Hit by Pitch
Batting: RHB Jorge Alva 0-0: Fielders Choice at 2nd, 5-4 (Groundball, 56, EV 100.6 MPH)
Bottom of the 4th over - 2 runs, 1 hit, 1 error, 1 left on base; Niagara Falls 0 - London 8
TOP OF THE 5TH
Niagara Falls Phantoms batting - Pitching for London Majors : RHP Shalom Diender
Batting: SHB Dylan Best 0-0: Hit by Pitch
Batting: LHB Dave Ortiz 0-0: Ball
1-0: Called Strike
1-1: Swinging Strike
1-2: Foul Ball, location: 2F
1-2: Foul Ball, location: 2F
1-2: Strikes out swinging
Batting: RHB Arturo Gomez 0-0: Ball
1-0: Called Strike
1-1: Ball
2-1: Ball
3-1: Foul Ball, location: 2F
3-2: Foul Ball, location: 2F
3-2: Foul Ball, location: 2F
3-2: Foul Ball, location: 2F
3-2: Strikes out looking
Batting: LHB Victor Reyna 0-0: Called Strike
Dylan Best steals 2nd base
0-1: Foul Ball, location: 2F
0-2: Fly out, F8 (Flyball, 8RM, EV 83.8 MPH)
Top of the 5th over - 0 runs, 0 hits, 0 errors, 1 left on base; Niagara Falls 0 - London 8
BOTTOM OF THE 5TH
London Majors batting - Pitching for Niagara Falls Phantoms : LHP Jordan Medina
Batting: LHB Nate Greening 0-0: Foul Ball, location: 2F
0-1: Ball
1-1: Ball
2-1: Ball
3-1: Foul Ball, location: 2F
3-2: Foul Ball, location: 2F
3-2: Base on Balls
Batting: RHB Hanley Hernandez 0-0: Called Strike
0-1: Called Strike
0-2: Strikes out swinging
Batting: RHB Joy-shan Li 0-0: Ball
1-0: Fly out, F9 (Line Drive, 9, EV 88.1 MPH)
Batting: RHB Manny Elizondo 0-0: Foul Ball, location: 2F
0-1: Fly out, F9 (Flyball, 89S, EV 91.2 MPH)
Bottom of the 5th over - 0 runs, 0 hits, 0 errors, 1 left on base; Niagara Falls 0 - London 8
TOP OF THE 6TH
Niagara Falls Phantoms batting - Pitching for London Majors : RHP Shalom Diender
Batting: SHB Hui Li 0-0: Swinging Strike
0-1: Swinging Strike
0-2: Ball
1-2: Foul Ball, location: 2F
1-2: Ball
2-2: Strikes out swinging
Batting: LHB Luis Ponce 0-0: Called Strike
0-1: Ball
1-1: Foul Ball, location: 2F
1-2: Hit by Pitch
Batting: LHB Chris Viehman 0-0: Ball
1-0: Ball
2-0: Called Strike
2-1: Foul Ball, location: 2F
2-2: Foul Ball, location: 2F
2-2: Ball
3-2: Foul Ball, location: 2F
3-2: Foul Ball, location: 2F
3-2: Foul Ball, location: 2F
3-2: Base on Balls
Luis Ponce to second
Batting: RHB Paul Ngumi 0-0: Ball
1-0: Ball
2-0: Called Strike
2-1: Swinging Strike
2-2: SINGLE (Line Drive, 78S, EV 108.8 MPH)
Luis Ponce to third
Chris Viehman to second
Batting: RHB Ken Stair 0-0: DOUBLE (Line Drive, 9LS, EV 106.2 MPH)
Luis Ponce scores
Chris Viehman scores
Paul Ngumi to third
Batting: SHB Dylan Best 0-0: Called Strike
0-1: TRIPLE (Flyball, 89XD, EV 86.2 MPH)
Paul Ngumi scores
Ken Stair scores
Batting: LHB Dave Ortiz 0-0: Foul Ball, location: 2F
0-1: Swinging Strike
0-2: Ball
1-2: Strikes out swinging
Batting: RHB Arturo Gomez 0-0: Ball
1-0: Ball
2-0: Swinging Strike
2-1: Foul Ball, location: 2F
2-2: Strikes out swinging
Top of the 6th over - 4 runs, 3 hits, 0 errors, 1 left on base; Niagara Falls 4 - London 8
BOTTOM OF THE 6TH
London Majors batting - Pitching for Niagara Falls Phantoms : LHP Jordan Medina
Batting: RHB Carlos Murillo 0-0: Ball
1-0: Called Strike
1-1: Foul Ball, location: 2F
1-2: Ball
2-2: Foul Ball, location: 2F
2-2: Strikes out looking
Batting: RHB Brandon Williams 0-0: Foul Ball, location: 2F
0-1: Ball
1-1: Called Strike
1-2: Ball
2-2: Foul Ball, location: 2F
2-2: Ball
3-2: Reached on error, E6 (Groundball, 6, EV 84.4 MPH)
Pitching: RHP Frank Medrano
Batting: RHB Bruce Ayotte 0-0: Called Strike
0-1: Fly out, F9 (Line Drive, 9S, EV 104.4 MPH)
Batting: RHB Rudolph Lentz 0-0: Swinging Strike
0-1: Ball
1-1: Ball
2-1: Foul Ball, location: 2F
2-2: Strikes out swinging
Bottom of the 6th over - 0 runs, 0 hits, 1 error, 1 left on base; Niagara Falls 4 - London 8
TOP OF THE 7TH
Niagara Falls Phantoms batting - Pitching for London Majors : RHP Shalom Diender
Batting: LHB Victor Reyna 0-0: Called Strike
0-1: Ball
1-1: Fly out, F1 (Popup, 15, EV 83.8 MPH)
Batting: SHB Hui Li 0-0: Swinging Strike
0-1: Ball
1-1: Ball
2-1: Ball
3-1: Base on Balls
Pitching: LHP William Capuano
Batting: LHB Luis Ponce 0-0: Ball
1-0: DOUBLE (Line Drive, 7LM, EV 106.9 MPH)
Hui Li to third
Batting: LHB Chris Viehman 0-0: Called Strike
0-1: Ball
1-1: Ground out 4-3 (Groundball, 4, EV 91.9 MPH)
Hui Li scores
Luis Ponce to third
Batting: RHB Paul Ngumi 0-0: Swinging Strike
0-1: Ball
1-1: Swinging Strike
1-2: Strikes out looking
Top of the 7th over - 1 run, 1 hit, 0 errors, 1 left on base; Niagara Falls 5 - London 8
BOTTOM OF THE 7TH
London Majors batting - Pitching for Niagara Falls Phantoms : RHP Frank Medrano
Batting: RHB Jorge Alva 0-0: Swinging Strike
0-1: Foul Ball, location: 2F
0-2: Ball
1-2: Strikes out looking
Batting: LHB Nate Greening 0-0: Ball
1-0: Foul Ball, location: 2F
1-1: Ball
2-1: Swinging Strike
2-2: Ball
3-2: Base on Balls
Batting: RHB Hanley Hernandez 0-0: Ball
1-0: Ball
Nate Greening steals 2nd base
2-0: Ball
3-0: Base on Balls
Batting: RHB Joy-shan Li 0-0: Foul Ball, location: 2F
0-1: Called Strike
0-2: Ball
1-2: Strikes out swinging
Batting: RHB Manny Elizondo 0-0: Ball
1-0: SINGLE (Line Drive, 4MD, EV 98.1 MPH)
Nate Greening to third
Hanley Hernandez to second
Batting: RHB Carlos Murillo 0-0: Ball
1-0: Foul Ball, location: 2F
1-1: DOUBLE (Line Drive, 78D, EV 101.9 MPH)
Nate Greening scores
Hanley Hernandez scores
Manny Elizondo to third
Batting: RHB Brandon Williams 0-0: Ball
1-0: Foul Ball, location: 2F
1-1: Ball
2-1: Swinging Strike
2-2: Ball
3-2: 3-RUN HOME RUN (Flyball, 7LD, EV 88.8 MPH), Distance : 336 ft
Pitching: RHP Alex Roman
Batting: RHB Bruce Ayotte 0-0: Ball
1-0: Foul Ball, location: 2F
1-1: Ground out 4-3 (Groundball, 4, EV 86.2 MPH)
Bottom of the 7th over - 5 runs, 3 hits, 0 errors, 0 left on base; Niagara Falls 5 - London 13
TOP OF THE 8TH
Niagara Falls Phantoms batting - Pitching for London Majors : LHP William Capuano
Batting: RHB Ken Stair 0-0: Called Strike
0-1: Ball
1-1: Called Strike
1-2: Strikes out swinging
Pinch Hitting: RHB Jose Villanueva 0-0: Ball
1-0: Swinging Strike
1-1: Swinging Strike
1-2: Strikes out swinging
Batting: LHB Dave Ortiz 0-0: Called Strike
0-1: Swinging Strike
0-2: Strikes out looking
Top of the 8th over - 0 runs, 0 hits, 0 errors, 0 left on base; Niagara Falls 5 - London 13
BOTTOM OF THE 8TH
London Majors batting - Pitching for Niagara Falls Phantoms : RHP Alex Roman
Now at 3B: Jose Villanueva
Pinch Hitting: RHB Benedikt Fleischmann 0-0: Called Strike
0-1: Ball
1-1: Swinging Strike
1-2: Ball
2-2: DOUBLE (Line Drive, 3D, EV 103.1 MPH)
Batting: RHB Jorge Alva 0-0: Ball
1-0: Foul Ball, location: 2F
1-1: Foul Ball, location: 2F
1-2: Ball
2-2: Foul Ball, location: 2F
2-2: Strikes out swinging
Batting: LHB Nate Greening 0-0: Called Strike
0-1: Swinging Strike
0-2: Ball
1-2: Strikes out swinging
Batting: RHB Hanley Hernandez 0-0: Ground out 5-3 (Groundball, 5D, EV 97.5 MPH)
Bottom of the 8th over - 0 runs, 1 hit, 0 errors, 1 left on base; Niagara Falls 5 - London 13
TOP OF THE 9TH
Niagara Falls Phantoms batting - Pitching for London Majors : LHP William Capuano
Now in RF: Benedikt Fleischmann
Pinch Hitting: LHB Danny de Leon 0-0: Called Strike
0-1: Ball
1-1: Ball
2-1: Ball
3-1: Foul Ball, location: 2F
3-2: Strikes out looking
Pinch Hitting: RHB Tchaa Kombate 0-0: Ball
1-0: Foul Ball, location: 2F
1-1: Foul Ball, location: 2F
1-2: Strikes out looking
Batting: SHB Hui Li 0-0: Ball
1-0: Ball
2-0: Called Strike
2-1: Ball
3-1: Base on Balls
Batting: LHB Luis Ponce 0-0: Ball
1-0: Ball
2-0: Called Strike
2-1: Ball
3-1: Fly out, F8 (Flyball, 8RD, EV 77.5 MPH)
Top of the 9th over - 0 runs, 0 hits, 0 errors, 1 left on base; Niagara Falls 5 - London 13
Thursday, December 15th , 2022 - OOTP Baseball 23.9 Build 102